 Dungeon Crawl Stone Soup version 0.31-a0-182-gc5ef74bbde (webtiles) character file.

Game seed: 16347842022018599815

61 Maxmaps the Slasher (level 3, 0/27 HPs)
             Began as a Demonspawn Reaver on June 21, 2023.
             Slain by an orc
             ... wielding a +0 whip
              (3 damage)
             ... on level 3 of the Dungeon.
             The game lasted 00:01:16 (1717 turns).

Maxmaps the Slasher (Demonspawn Reaver)             Turns: 1717, Time: 00:01:17

Health: 0/27       AC:  5    Str: 12    XL:     3   Next: 83%
Magic:  6/6        EV: 10    Int: 16    God:
Gold:   113        SH:  0    Dex: 11    Spells: 5/6 levels left

rFire   . . .        a - +0 falchion
rCold   . . .        (no shield)
rNeg    . . .        d - +0 ring mail
rPois   .            (no helmet)
rElec   .            (no cloak)
rCorr   .            (no gloves)
SInv    .            (no boots)
Will    .....        (no amulet)
Stlth   +            (no ring)
HPRegen 0.24/turn    (no ring)
MPRegen 0.10/turn

%: no passive effects
@: no status effects
A: powered by pain 1
a: no special abilities


You were on level 3 of the Dungeon.
You visited 1 branch of the dungeon, and saw 3 of its levels.

You collected 113 gold pieces.

Inventory:

Hand Weapons
 a - a +0 falchion (weapon)
 i - the +4 dagger of Havoc {flame, Drain +Blink Str+3}
   (You found it on level 2 of the Dungeon)

   Str:       It affects your strength (+3).
   +Blink:    It lets you blink.
   Drain:     It drains your maximum health when unequipped.
Armour
 b - a +0 leather armour
 d - a +0 ring mail (worn)
Scrolls
 c - 4 scrolls of identify {unknown}
 f - a scroll of fear {unknown}
 g - a scroll of revelation {unknown}
 h - a scroll of fog {unknown}
Potions
 e - a potion of curing {unknown}


   Skills:
 - Level 2.0 Fighting
 + Level 4.4 Long Blades
 - Level 1.7 Dodging
 - Level 2.0 Spellcasting
 - Level 3.0 Conjurations


You had 5 spell levels left.
You knew the following spells:

 Your Spells              Type           Power      Damage    Failure   Level
a - Kiss of Death         Conj/Necr      24%        2d7       26%         1

Your spell library contained the following spells:

 Spells                   Type           Power      Damage    Failure   Level
 Momentum Strike          Conj/Tloc      12%        3d8       36%         2
 Apportation              Tloc           2%         N/A       43%         1
 Necrotise                Necr           4%         1d4       43%         1
 Summon Small Mammal      Summ           4%         N/A       43%         1
 Hailstorm                Conj/Ice       6%         3d4       58%         3
 Call Canine Familiar     Summ           1%         N/A       80%         3
 Summon Guardian Golem    Hex/Summ       1%         N/A       80%         3
 Ice Form                 Ice/Tmut       1%         N/A       99%         4
 Simulacrum               Ice/Necr       0%         N/A       100%        6
 Malign Gateway           Summ/Tloc      0%         N/A       100%        7
 Summon Horrible Things   Summ           0%         N/A       100%        8


Dungeon Overview and Level Annotations

Branches:
Dungeon (3/15)

Altars:

Annotations:
D:2 1 runed translucent door, Crazy Yiuf


Innate Abilities, Weirdness & Mutations

You sometimes gain a little power by taking damage.


Message History

The kobold completely misses you.
You hit the kobold.
You kill the kobold!
You slash the orc!
You kill the orc!
The orc closely misses you.
You barely miss the orc. The orc hits you with a +0 whip.
The orc hits you with a +0 short sword.
You hit the orc but do no damage. The orc hits you but does no damage.
The orc barely misses you.
You closely miss the orc. The orc barely misses you.
The orc hits you but does no damage.
You hit the orc.
The orc is moderately wounded.
The orc hits you with a +0 whip. The orc hits you but does no damage.
You are too injured to fight recklessly!
You are too injured to fight recklessly!
You are too injured to fight recklessly!
You are too injured to fight recklessly!
You are too injured to fight recklessly!
You are too injured to fight recklessly!
You are too injured to fight recklessly!
You are too injured to fight recklessly!
You are too injured to fight recklessly!
You are too injured to fight recklessly!
You are too injured to fight recklessly!
You are too injured to fight recklessly!
You are too injured to fight recklessly!
You are too injured to fight recklessly!
You are too injured to fight recklessly!
Unknown command.
You barely miss the orc. The orc hits you with a +0 short sword.
The orc hits you with a +0 whip.
* * * LOW HITPOINT WARNING * * *
The orc barely misses you. The orc hits you with a +0 short sword.
* * * LOW HITPOINT WARNING * * *
You closely miss the orc. The orc hits you but does no damage.
The orc closely misses you.
You hit the orc but do no damage. The orc hits you with a +0 whip.
You die...

...#...##
.#.........##
.............#
..............#
........)...<.#
...(.........##
...(..........####
.........##o.....#
........go@..###.#
...[.....###.# #
..........##..#
.....?....###.#
..##...##.# ..
#.#. ..# .## #.##
..# .. . ... .# .
..##


You could see 2 orcs and a hobgoblin.

Vanquished Creatures
  2 adders (D:2)
  A worm (D:2)
  A dart slug (D:2)
  An orc (D:3)
  An endoplasm (D:2)
  A giant cockroach (D:2)
  6 goblins
  5 hobgoblins
  A quokka (D:2)
  5 ball pythons
  2 bats
  4 frilled lizards
  4 kobolds
  6 rats
40 creatures vanquished.

Notes
Turn   | Place    | Note
-------+----------+-------------------------------------------
     0 | D:1      | Maxmaps the Demonspawn Reaver began the quest for the Orb.
     0 | D:1      | Reached XP level 1. HP: 16/16 MP: 3/3
   180 | D:1      | Reached skill level 3 in Long Blades
   420 | D:1      | Gained mutation: You sometimes gain a little power by
                  | taking damage. [demonic ancestry]
   420 | D:1      | Reached XP level 2. HP: 22/22 MP: 5/5
   487 | D:1      | Found a faded altar of an unknown god.
   805 | D:2      | Reached XP level 3. HP: 27/27 MP: 6/6
   857 | D:2      | Reached skill level 4 in Long Blades
   992 | D:2      | Identified the +4 dagger of Havoc {flame, Drain +Blink
                  | Str+3}
  1172 | D:2      | Found a runed translucent door.
  1173 | D:2      | Noticed Crazy Yiuf
  1717 | D:3      | Slain by an orc

Illustrated notes

Levels and vault maps discovered:
D:1:      nagdon_arrival_zigzag_paths, layout_rooms,
          ebering_ecumenical_altar_webs, chequers_serial_rivers_micro_c
D:2:      layout_loops_corners, serial_forest, infiniplex_forest_clump_long,
          infiniplex_forest_lined_3, infiniplex_forest_lined_room_,
          infiniplex_forest_straight_3, infiniplex_forest_lined_room_,
          infiniplex_forest_corner_2, infiniplex_forest_zigzag_2,
          infiniplex_forest_corner_1, uniq_crazy_yiuf_cottage
D:3:      layout_rooms, nicolae_gozag_cash_rules_everything_around_me

Skill      XL: |  1  2  3 |
---------------+----------+-----
Long Blades    | 3 4 |  4.4
Fighting       | |  2.0
Dodging        | |  1.7
Spellcasting   | |  2.0
Conjurations   | |  3.0

Action                     || total
---------------------------++-------
  Melee: Falchion          ||   129
         Punch             ||     1
 Armour: Ring mail         ||    45
  Dodge: Dodged            ||    64

Table legend: (Time is in decaauts)
 A = Elapsed time spent in this place.
 B = Non-inter-level travel time spent in this place.
 C = Inter-level travel time spent in this place.
 D = Time resting spent in this place.
 E = Time spent auto-exploring this place.
 F = Levels seen in this place.
 G = Mean time per level.
                   A        B        C        D        E       F      G
               +--------+--------+--------+--------+--------+-----+--------+
         Total |   1732 |   1627 |    105 |      0 |   1347 |   3 |  577.3 |
       Dungeon |   1732 |   1627 |    105 |      0 |   1347 |   3 |  577.3 |
               +--------+--------+--------+--------+--------+-----+--------+

Top non-repeatable levels by time:
     D:2: 1088 daAuts
     D:1: 616 daAuts
     D:3: 27 daAuts
